 Dungeon Crawl Stone Soup version 0.17-a0-1263-gc2a165f (webtiles) character file.

187 Cryogen the Skirmisher (level 5, -6/43 HPs)
             Began as a Formicid Fighter on June 6, 2015.
             Mangled by a river rat (8 damage)
             ... in a sewer on June 7, 2015.
             The game lasted 00:08:48 (1606 turns).

Cryogen the Skirmisher (Formicid Fighter)           Turns: 1606, Time: 00:08:50

Health: -6/43      AC:  7    Str: 21    XL:     5   Next: 99%
Magic:  5/5        EV:  8    Int:  8    God:
Gold:   67         SH:  9    Dex: 10    Spells: 0 memorised, 4 levels left

rFire  . . .     SeeInvis +     a - +0 war axe
rCold  . . .     Clarity  .     b - +0 scale mail
rNeg   . . .     SustAt   .     c - +0 shield
rPois  .         Gourm    .     (helmet unavailable)
rElec  .         Spirit   .     (no cloak)
rCorr  .         Warding  .     (no gloves)
rMut   .         Stasis   +     (no boots)
MR     .....                    (no amulet)
Stlth  ..........               (no ring)
                                (no ring)

@: not resistant to hostile enchantments, extremely unstealthy
A: permanent stasis, dig shafts and tunnels, four strong arms, antennae 3
a: Dig, Shaft Self


You were in a sewer.
You were not hungry.

You visited 1 branch of the dungeon, and saw 3 of its levels.
You also visited: Sewer.

You collected 67 gold pieces.

Inventory:

Hand weapons
 a - a +0 war axe (weapon)
Armour
 b - a +0 scale mail (worn)
 c - a +0 shield (worn)
Scrolls
 f - a scroll of fog {unknown}
 g - a scroll of amnesia {unknown}
 j - a scroll of teleportation {unknown}
 n - 3 scrolls of remove curse {unknown}
 o - a scroll of noise {unknown}
 q - a scroll of identify {unknown}
 s - 2 scrolls of enchant weapon {unknown}
Potions
 i - 2 potions of cancellation {unknown}
 k - a potion of brilliance {unknown}
 m - a potion of lignification {unknown}
 p - a potion of haste {unknown}
Comestibles
 e - 4 bread rations
 h - 2 slices of pizza
 l - a meat ration
 r - a beef jerky


   Skills:
 * Level 4.6 Fighting
 * Level 3.3 Axes
 + Level 4.3 Armour
 + Level 4.5 Shields


You had 4 spell levels left.
You didn't know any spells.

Dungeon Overview and Level Annotations

Branches:
Dungeon (3/15)

Altars:


Innate Abilities, Weirdness & Mutations

You are under a permanent stasis effect.
You can dig through walls and to a lower floor.
Your four strong arms can wield two-handed weapons with a shield.
You have a pair of large antennae on your head (SInv).


Message History

Your unstable footing causes you to fumble your attack.
The river rat closely misses you. The river rat bites you.
The river rat closely misses you.
Unknown command.
The river rat closely misses you. You block the river rat's attack.
The river rat bites you.
* * * LOW HITPOINT WARNING * * *
The river rat bites you but does no damage.
You block the river rat's attack.
The river rat bites you but does no damage.
You block the river rat's attack. The river rat barely misses you.
The river rat bites you.
* * * LOW HITPOINT WARNING * * *
You slash the river rat!
You kill the river rat!
You barely miss the river rat. The river rat barely misses you.
The river rat bites you.
* * * LOW HITPOINT WARNING * * *
The river rat bites you!
You die...

##....# #.....# ##....##
#####################.....#
##.≈≈≈≈≈≈≈≈≈≈≈≈≈≈≈≈≈≈......#
...≈≈≈≈≈≈≈≈≈≈≈≈≈≈≈≈≈≈.....##
....≈≈≈≈≈≈≈≈≈≈≈≈≈≈≈≈≈.....#
...≈≈≈≈≈≈≈≈r≈≈≈≈≈≈≈≈.....##
....≈≈≈≈≈≈rr@≈≈≈≈≈≈≈≈...##
....≈≈≈≈≈≈rr≈≈≈≈≈≈≈≈≈.###
..##################### .


You could see 2 river rats and 3 rats.

Vanquished Creatures
  The ghost of Rhaen the Slasher, an average NaGl of Cheibriados (Sewer)
  2 river rats (Sewer)
  2 adders (D:2)
  An ooze (D:2)
  A worm (D:2)
  2 giant geckos (D:2)
  An orc (D:3)
  A bat (D:1)
  2 giant cockroaches
  5 goblins
  4 hobgoblins
  7 jackals
  9 kobolds
  2 ball pythons (Sewer)
  4 giant newts
  16 rats
60 creatures vanquished.

Notes
Turn   | Place    | Note
--------------------------------------------------------------
     0 | D:1      | Cryogen the Formicid Fighter began the quest for the Orb.
     0 | D:1      | Reached XP level 1. HP: 18/18 MP: 1/1
   235 | D:1      | Reached XP level 2. HP: 16/24 MP: 2/2
   642 | D:2      | Reached XP level 3. HP: 25/30 MP: 3/3
   693 | D:2      | Reached skill level 4 in Fighting
   902 | D:2      | Reached XP level 4. HP: 34/37 MP: 4/4
  1286 | D:3      | Found a glowing drain.
  1293 | Sewer    | Entered a sewer
  1293 | Sewer    | Noticed Rhaen's ghost (average NaGl)
  1302 | Sewer    | Killed Rhaen's ghost
  1302 | Sewer    | Reached XP level 5. HP: 10/43 MP: 5/5
  1606 | Sewer    | HP: 2/43 [river rat (5)]
  1606 | Sewer    | Mangled by a river rat

Vault maps used:
D:1:      scummos_arrival_checkerplants
D:2:      first_bread
D:3:      lightli_sewer_entry_pipes
Sewer:    sewer_minmay_w

Action                   |  1- 3 |  4- 6 || total
-------------------------+-------+-------++-------
Melee: War axe           |    83 |    68 ||   151
 Abil: Dig               |    15 |       ||    15
  Use: Potion            |       |     1 ||     1
  Eat: Meat ration       |     1 |       ||     1
